 Dungeon Crawl Stone Soup version 0.30.0-30-g96aa6591b8 (webtiles) character file.

Game seed: 899518231062964702

78 qw the Chopper (level 4, -3/28 HPs)
             Began as a Gargoyle Fighter on June 10, 2023.
             Splashed by a jelly's acid (5 damage)
             ... on level 2 of the Dungeon on June 29, 2023.
             The game lasted 00:01:57 (1532 turns).

qw the Chopper (Gargoyle Fighter)                   Turns: 1532, Time: 00:01:58

Health: -3/28      AC:  3    Str: 20 (22) XL:     4   Next: 36%
Magic:  4/4        EV:  9    Int:  5 (8)  God:
Gold:   105        SH:  4    Dex:  8 (9)  Spells: 3/3 levels left

rFire   . . .        Y - +1 war axe
rCold   . . .        c - +0 buckler
rNeg    + . .        b - +0 scale mail
rPois   inf          (no helmet)
rElec   +            (no cloak)
rCorr   .            (no gloves)
SInv    .            e - +0 pair of boots
Will    .....        (no amulet) Stlth
                     (no ring)
HPRegen 0.24/turn    (no ring)
MPRegen 0.09/turn

%: no passive effects
@: corroded
A: sickness immunity, AC +3, negative energy resistance 1, electricity
resistance, torment resistance 1, petrification resistance
a: no special abilities


You were on level 2 of the Dungeon.
You visited 1 branch of the dungeon, and saw 2 of its levels.

You collected 105 gold pieces.


Innate Abilities, Weirdness & Mutations

You are immune to sickness and miasma.
Your stone body is resilient. (AC +3)
You are immune to poison.
You resist negative energy. (rN+)
You are resistant to electric shocks. (rElec)
You are resistant to unholy torment.
You are immune to petrification.


   Skills:
 - Level 3.2 Fighting
 + Level 4.1 Axes
 - Level 3.2 Armour
 - Level 3.2 Shields


You had 3 spell levels left.
You didn't know any spells.
Your spell library was empty.

Inventory:

Hand Weapons
 h - a +0 mace
 Y - a +1 war axe (weapon)
Armour
 b - a +0 scale mail (worn)
 c - a +0 buckler (worn)
 e - a +0 pair of boots (worn)
Scrolls
 f - a scroll of brand weapon {unknown}
Potions
 a - a potion of brilliance {unknown}
 d - a potion of might
 n - a potion of berserk rage {unknown}

Dungeon Overview and Level Annotations

Branches:
Dungeon (2/15)

Altars:


Message History

The jelly quivers. x2; The endoplasm quivers. x2
The endoplasm hits the fungus.
The fungus begins to die.
There is an open door here.
Enter note:
Enter note:
Enter note:
Enter note: You completely miss the endoplasm.
The endoplasm freezes you.
You are frozen.
The endoplasm hits the fungus.
You slash the endoplasm!
You kill the endoplasm!
The jelly barely misses you. You block the endoplasm's attack.
You feel your dexterity returning.
You barely miss the jelly. You hit the endoplasm. The endoplasm freezes you.
You are frozen.
The jelly barely misses you.
You hit the endoplasm.
The endoplasm is almost dead.
You hit the endoplasm. You hit the jelly.
Your hands burn!
A nearby fungus withers and dies.
The endoplasm closely misses you. x2
The jelly hits you but does no damage. The endoplasm barely misses you.
The jelly closely misses you. The endoplasm barely misses you.
You slash the endoplasm!
You kill the endoplasm!
You completely miss the endoplasm. You completely miss the jelly.
The jelly hits you. The acid corrodes you!
You are splashed with acid.
The endoplasm hits you.
You completely miss the endoplasm.
The endoplasm is moderately wounded.
You hit the endoplasm. You hit the jelly. The acid corrodes you!
Your hands burn!
You block the jelly's attack.
The endoplasm jiggles.
The endoplasm freezes you.
You are frozen.
You hit the endoplasm.
The endoplasm is severely wounded.
You hit the jelly.
Your hands burn!
You die...

########## ..........
.....#### ####### #.....
#%%%..J########## #.#..#
#%.P.JJ@##......###.....
#....JJ#.#.......##..###
#.%..JJ#.#:......)'..#
#.....J#.#.......))..#
#..P...#.#'#......'.##
#%.....#.#.#.....##.#
#......#.#.#....########
#).....##)####### #.....
### #.####


You could see 3 jellies and 5 endoplasms.

Vanquished Creatures
  A gnoll (D:1)
  2 adders (D:2)
  2 dart slugs
  5 endoplasms
  A giant cockroach (D:1)
  7 hobgoblins
  4 jackals (D:2)
  A bat (D:1)
  2 frilled lizards (D:1)
  5 goblins
  12 kobolds
  3 rats (D:1)
45 creatures vanquished.

Notes
Turn   | Place    | Note
-------+----------+-------------------------------------------
     0 | D:1      | qw the Gargoyle Fighter began the quest for the Orb.
     0 | D:1      | Reached XP level 1. HP: 14/14 MP: 1/1
     0 | D:1      | 0 ||| qw: Version: 0.2-a-108-gee2c290
     0 | D:1      | 0 ||| qw: Game counter: 1529
     0 | D:1      | 0 ||| qw: Always use a shield: true
     0 | D:1      | 0 ||| qw: God list: Okawaru
     0 | D:1      | 0 ||| qw: Allow faded altars: false
     0 | D:1      | 0 ||| qw: Do Orc after D:15 true
     0 | D:1      | 0 ||| qw: Do second Lair branch before Depths: true
     0 | D:1      | 0 ||| qw: Lair rune preference: random
     0 | D:1      | 0 ||| qw: Plans: Normal, Zot:1-4, Slime:5, God:TSO, Crypt,
                  | Tomb, Abyss, Pan, Hells, Win
     0 | D:1      | 0 ||| PLANNING D:1-11
     0 | D:1      | Upgraded the game from 0.30.0-29-ga12c61a403 to
                  | 0.30.0-30-g96aa6591b8
     0 | D:1      | 0 ||| qw: Version: 0.3-a-24-g47d1e69
     0 | D:1      | 0 ||| qw: Game counter: 1530
     0 | D:1      | 0 ||| qw: Melee chars always use a shield: true
     0 | D:1      | 0 ||| qw: God list: Okawaru
     0 | D:1      | 0 ||| qw: Allow faded altars: false
     0 | D:1      | 0 ||| qw: Do Orc after clearing Dungeon:15 true
     0 | D:1      | 0 ||| qw: Do second Lair branch before Depths: true
     0 | D:1      | 0 ||| qw: Lair rune preference: random
     0 | D:1      | 0 ||| qw: Goals: Normal, Zot:1-4, Slime:5, God:TSO, Crypt,
                  | Tomb, Abyss, Pan, Hells, Win
     0 | D:1      | 0 ||| PLANNING D:1-11
     0 | D:1      | 0 ||| qw: Version: 0.3-a-24-g47d1e69
     0 | D:1      | 0 ||| qw: Game counter: 1531
     0 | D:1      | 0 ||| qw: Melee chars always use a shield: true
     0 | D:1      | 0 ||| qw: God list: Okawaru
     0 | D:1      | 0 ||| qw: Allow faded altars: false
     0 | D:1      | 0 ||| qw: Do Orc after clearing Dungeon:15 true
     0 | D:1      | 0 ||| qw: Do second Lair branch before Depths: true
     0 | D:1      | 0 ||| qw: Lair rune preference: random
     0 | D:1      | 0 ||| qw: Goals: Normal, Zot:1-4, Slime:5, God:TSO, Crypt,
                  | Tomb, Abyss, Pan, Hells, Win
     0 | D:1      | 0 ||| PLANNING D:1-11
    35 | D:1      | Reached skill level 2 in Axes
    46 | D:1      | HP: 3/14 [gnoll/+0 spear (2)]
    49 | D:1      | Reached XP level 2. HP: 3/19 MP: 2/2
   149 | D:1      | 149 ||| PLANNING D:1-11
   208 | D:1      | 208 ||| Stepping ~*~*~tactically~*~*~ (stealth).
   209 | D:1      | 209 ||| Stepping ~*~*~tactically~*~*~ (stealth).
   228 | D:1      | 228 ||| DROPPING +0 club.
   246 | D:1      | Reached skill level 3 in Axes
   450 | D:1      | 450 ||| Stepping ~*~*~tactically~*~*~ (hiding).
   455 | D:1      | Reached XP level 3. HP: 23/23 MP: 3/3
  1043 | D:1      | 1043 ||| UPGRADING to +0 pair of boots.
  1048 | D:1      | 1048 ||| READING scroll labelled IPU NORITIJY.
  1049 | D:1      | 1049 ||| READING scroll labelled JALLIHEIBA.
  1050 | D:1      | 1050 ||| READING scroll labelled ZAAVIA IWEHY.
  1051 | D:1      | 1051 ||| READING scroll labelled NOFEACSA NABUTOETT.
  1052 | D:1      | 1052 ||| READING scroll labelled KOEQ KOLILLINU.
  1055 | D:1      | 1055 ||| READING scroll labelled NYLEOTHR IVOE.
  1056 | D:1      | 1056 ||| DRINKING 2 fuming dark potions.
  1057 | D:1      | 1057 ||| DROPPING potion of degeneration.
  1176 | D:2      | 1176 ||| Stepping ~*~*~tactically~*~*~ (stealth).
  1219 | D:2      | Reached XP level 4. HP: 26/28 MP: 4/4
  1387 | D:2      | Reached skill level 4 in Axes
  1405 | D:2      | 1405 ||| Stepping ~*~*~tactically~*~*~ (hiding).
  1531 | D:2      | HP: 7/28 [acid (3)]
  1531 | D:2      | HP: 2/28 [frozen (5)]
  1532 | D:2      | Splashed by a jelly's acid

Levels and vault maps discovered:
D:1:      dpeg_arrival_long_road, layout_basic, minmay_misc_feat_cross
D:2:      cheibrodos_fertilizer, layout_basic, corexii_item_surrounded_by_moat,
          cheibrodos_gnoll_hut

Skill      XL: |  1  2  3  4 |
---------------+-------------+-----
Axes           | 2 3 4 |  4.1
Fighting       | |  3.2
Armour         | |  3.2
Shields        | |  3.2

Action                     |  1- 3 |  4- 6 || total
---------------------------+-------+-------++-------
  Melee: War axe           |    94 |    21 ||   115
    Use: Scroll            |     6 |       ||     6
         Potion            |     1 |       ||     1
 Armour: Scale mail        |    53 |     9 ||    62
  Dodge: Dodged            |    39 |    15 ||    54
  Block: Buckler           |    24 |     3 ||    27

Table legend:
 A = Non-vault XP
 B = Vault XP
 C = Vault XP percentage of total XP
 D = Non-vault monster count
 E = Vault monster count
 F = Vault count percentage of total count
                 A         B        C        D         E       F
            +---------+---------+-------+---------+---------+-------
      Total |      94 |      18 |  16.1 |      34 |      11 |  24.4
            +---------+---------+-------+---------+---------+-------
        D:1 |      47 |       0 |   0.0 |      22 |       0 |   0.0
        D:2 |      47 |      18 |  27.7 |      12 |      11 |  47.8
            +---------+---------+-------+---------+---------+-------
